 Dungeon Crawl Stone Soup version 0.20.1-1-g8b1a95d (webtiles) character file.

74 Kingsmith the Magician (level 4, 0/24 HPs)
             Began as a Tengu Fire Elementalist on Dec 11, 2017.
             Killed by divine providence
             ... invoked by an orc priest
              (10 damage)
             ... on level 3 of the Dungeon.
             The game lasted 00:04:27 (2123 turns).

Kingsmith the Magician (Tengu Fire Elementalist)    Turns: 2123, Time: 00:04:31

Health: 0/24       AC:  3    Str:  8    XL:     4   Next: 30%
Magic:  11/11      EV: 12    Int: 17    God:
Gold:   110        SH:  0    Dex: 14    Spells: 2/11 levels left

rFire    . . .     SeeInvis .   q - +2 trident (flame)
rCold    . . .     Gourm    .   (no shield)
rNeg     . . .     Faith    .   a - +1 robe
rPois    .         Spirit   .   (helmet restricted)
rElec    .         Reflect  .   (no cloak)
rCorr    .         Harm     .   (no gloves)
MR       .....                  (boots unavailable)
Stlth    ++........             (no amulet)
Regen    0.1/turn               (no ring)
MPRegen  0.2/turn               (no ring)

@: no status effects
A: beak, talons 3
a: no special abilities


You were on level 3 of the Dungeon.
You were not hungry.

You visited 1 branch of the dungeon, and saw 3 of its levels.

You collected 110 gold pieces.

Inventory:

Hand Weapons
 q - a +2 trident of flaming (weapon)
Armour
 a - a +1 robe (worn)
Scrolls
 e - 2 scrolls of identify
 f - a scroll of enchant armour
 g - 2 scrolls of enchant weapon {unknown}
 k - a scroll of blinking {unknown}
 m - a scroll of fog
 n - a scroll of fear {unknown}
 o - 2 scrolls of teleportation {unknown}
 r - 2 scrolls of remove curse
 s - a scroll of recharging {unknown}
 u - a scroll of magic mapping {unknown}
Potions
 d - 2 potions of agility {unknown}
 i - a potion of might {unknown}
 l - a potion of curing {unknown}
 p - 2 potions of magic {unknown}
Books
 b - a book of Flames

   Spells                             Type                      Level
   a - Flame Tongue                   Conjuration/Fire             1
   b - Throw Flame                    Conjuration/Fire             2
   c - Conjure Flame                  Conjuration/Fire             3
   d - Inner Flame                    Hexes/Fire                   3
   e - Sticky Flame                   Conjuration/Fire             4
   f - Fireball                       Conjuration/Fire             5
 t - Kikubaaqudgha's Disquisition on Unholy Rituals
   (You found it on level 3 of the Dungeon)

   Spells                             Type                      Level
   a - Animate Skeleton               Necromancy                   1
Comestibles
 c - a bread ration
 h - 5 royal jellies
 j - 3 fruits
 v - a chunk of flesh


   Skills:
 - Level 2.1 Dodging
 - Level 2.0 Stealth
 + Level 4.1 Spellcasting
 - Level 1.3 Conjurations
 - Level 3.2 Fire Magic


You had 2 spell levels left.
You knew the following spells:

 Your Spells              Type           Power        Failure   Level  Hunger
a - Flame Tongue          Conj/Fire      ##...        6%          1    None
b - Throw Flame           Conj/Fire      ##....       9%          2    ##.....
c - Conjure Flame         Conj/Fire      ##......     19%         3    ###....
d - Inner Flame           Hex/Fire       #.......     24%         3    ###....


Dungeon Overview and Level Annotations

Branches:
Dungeon (3/15)

Altars:
Kikubaaqudgha
Sif Muna
Vehumet


Innate Abilities, Weirdness & Mutations

You have a beak for a mouth.
You have claws for feet.


Message History

You reach to attack!
The orc shouts!
The orc wizard shouts!
You hit the orc priest. You burn the orc priest.
The orc priest is moderately wounded.
The orc priest closely misses you.
You closely miss the orc priest.
The orc priest is lightly wounded.
The orc priest shouts!
The orc priest begins to cast a cantrip, but forgets the words!
The orc priest barely misses you.
You closely miss the orc priest.
The orc priest is lightly wounded.
The orc priest hits you with a mace.
You closely miss the orc priest. You claw the orc priest.
The orc priest is heavily wounded.
The orc priest invokes the aid of Beogh against you.
Beogh smites you!
The orc priest mumbles some strange prayers to Beogh against you.
Beogh smites you!
You die...

# ## #.#. #. #.#. .# #.
#... #.# #. ###. #.# #.##
#. .########.# #..# ## .
..o.ooo.#.#########.####
...######@#............##8
..........#.#########.#...
.####................#_..
...........(#########.#...
#(##.######.# #.##8# # #)#
##.#### ..#####.#####
##>..###
.....)......###.#.#.##
..#####.###.##.##.##.#


You could see 2 orc priests, an orc wizard and an orc.

Vanquished Creatures
  2 adders (D:3)
  3 worms
  3 leopard geckos
  An orc (D:3)
  5 giant cockroaches
  4 goblins
  6 hobgoblins (D:1)
  6 kobolds
  A ball python (D:2)
  5 bats
  A frilled lizard (D:2)
  5 rats
42 creatures vanquished.

Notes
Turn   | Place    | Note
-------+----------+-------------------------------------------
     0 | D:1      | Kingsmith the Tengu Fire Elementalist began the quest for the Orb.
     0 | D:1      | Reached XP level 1. HP: 10/10 MP: 4/4
   348 | D:1      | Reached XP level 2. HP: 8/15 MP: 4/6
   354 | D:1      | Learned a level 2 spell: Throw Flame
   626 | D:1      | Reached skill level 3 in Spellcasting
   890 | D:2      | Reached XP level 3. HP: 14/19 MP: 8/8
  1818 | D:3      | Learned a level 3 spell: Conjure Flame
  1822 | D:3      | Learned a level 3 spell: Inner Flame
  1879 | D:3      | Reached XP level 4. HP: 23/24 MP: 10/10
  1942 | D:3      | Found a radiant altar of Vehumet.
  1959 | D:3      | Found an ancient bone altar of Kikubaaqudgha.
  1959 | D:3      | Found a deep blue altar of Sif Muna.
  1963 | D:3      | Identified Kikubaaqudgha's Disquisition on Unholy Rituals
  2012 | D:3      | Reached skill level 4 in Spellcasting
  2123 | D:3      | Killed from afar by an orc priest

Skill      XL: |  1  2  3  4 |
---------------+-------------+-----
Spellcasting   | 3 4 |  4.1
Dodging        | |  2.1
Stealth        | |  2.0
Conjurations   | |  1.3
Fire Magic     | |  3.2

Action                   |  1- 3 |  4- 6 || total
-------------------------+-------+-------++-------
Melee: Unarmed           |    20 |       ||    20
       Kick              |    15 |     2 ||    17
       Peck              |     8 |       ||     8
       Hand axe          |    16 |       ||    16
       Trident           |    28 |    16 ||    44
 Cast: Flame Tongue      |    27 |     9 ||    36
  Use: Scroll            |     4 |       ||     4
 Stab: Sleeping          |     5 |       ||     5
  Eat: Chunk             |     3 |     1 ||     4
Armor: Robe              |    21 |     9 ||    30
Dodge: Dodged            |    52 |    15 ||    67
